 Dungeon Crawl Stone Soup version 0.31.0-11-ge490571c62 (webtiles) character file.

Game seed: 1766577943395282792

9921 Esekla the Covert (level 11, -2/74 HPs)
             Began as an Octopode Wanderer on Jan 29, 2024.
             Was an Initiate of Gozag.
             Slain by a centaur warrior simulacrum (23 damage)
             ... on level 11 of the Dungeon.
             The game lasted 00:56:38 (10131 turns).

Esekla the Covert (Octopode Wanderer)              Turns: 10131, Time: 00:56:39

Health: -2/74      AC:  1    Str: 10    XL:     11   Next: 54%
Magic:  8/18       EV: 22    Int: 20    God:    Gozag
Gold:   555        SH:  0    Dex: 21    Spells: 5/20 levels left

rFire   . . .        a - +2 scimitar (vamp)
rCold   . . .        (no shield)
rNeg    . . .        y - +0 hat
rPois   .            (no amulet)
rElec   .            d - +5 ring of evasion
rCorr   .            n - ring of flight
SInv    +            t - +6 ring of dexterity
Will    +....        K - ring of Datoonk {Int+3 SInv Stlth+}
Stlth   +++++++      O - ring of willpower
HPRegen 0.32/turn    (no ring)
MPRegen 0.16/turn    (no ring)
                     (no ring)

%: no passive effects
@: flying, very slightly contaminated
A: almost no armour, amphibious, 8 rings, camouflage 1, gelatinous body 1,
(nimble swimmer 1), tentacles
a: Renounce Religion, Potion Petition, Call Merchant, Bribe Branch


You were on level 11 of the Dungeon.
You worshipped Gozag.
Gozag was pleased with you.
You visited 2 branches of the dungeon, and saw 12 of its levels.

You collected 1398 gold pieces.
You spent 764 gold pieces at shops.
You paid 79 gold pieces to Gozag.

Inventory:

Hand Weapons
 a - a +2 vampiric scimitar (weapon)
 g - the +7 staff of the Meek {protect, meekguard}
   (You took it off an orc on level 8 of the Dungeon)
 r - a +3 vampiric spear
 s - a +1 dagger of venom
 M - a +3 falchion
Missiles
 j - 35 poisoned darts (quivered)
 F - 2 boomerangs
 G - a curare-tipped dart
Armour
 y - a +0 hat (worn)
Jewellery
 d - a +5 ring of evasion (left tentacle)
 n - a ring of flight (right tentacle)
 t - a +6 ring of dexterity (on tentacle)
 K - the ring of Datoonk (on tentacle) {Int+3 SInv Stlth+}
   (You bought it in a shop on level 9 of the Dungeon)

   [ring of see invisible]

   Int+3:     It affects your intelligence (+3).
   SInv:      It lets you see invisible.
   Stlth+:    It makes you more stealthy.
 L - a ring of fire
 O - a ring of willpower (on tentacle)
Wands
 q - a wand of flame (13)
 E - a wand of light (9)
Scrolls
 b - 4 scrolls of teleportation
 e - a scroll of noise {unknown}
 h - a scroll of fear {unknown}
 i - 2 scrolls of enchant weapon {unknown}
 l - a scroll of butterflies
 m - a scroll of brand weapon {unknown}
 p - a scroll of fog {unknown}
 u - 2 scrolls of revelation {unknown}
 B - a scroll of amnesia {unknown}
 C - a scroll of poison {unknown}
 H - 2 scrolls of blinking
 N - a scroll of enchant armour {unknown}
 P - a scroll of acquirement {unknown}
 S - a scroll of immolation {unknown}
Potions
 c - 2 potions of curing
 f - 2 potions of enlightenment
 k - 2 potions of magic
 o - 2 potions of lignification
 v - a potion of heal wounds {unknown}
 w - a potion of brilliance
 x - a potion of mutation
 z - a potion of resistance {unknown}
 A - a potion of berserk rage
 D - 2 potions of attraction
 I - a potion of might {unknown}
 R - 2 potions of haste


   Skills:
 * Level 6.5 Fighting
 + Level 3.7(6.1) Short Blades
 + Level 7.4(7.9) Long Blades
 + Level 1.9 Staves
 + Level 1.8 Throwing
 * Level 6.0 Dodging
 + Level 10.1 Stealth
 * Level 5.0 Spellcasting
 + Level 3.9 Conjurations
 * Level 3.2 Necromancy
 * Level 3.6 Fire Magic
 * Level 2.8 Ice Magic
 + Level 4.8 Air Magic
 + Level 4.3 Alchemy
 + Level 1.7 Evocations


You had 5 spell levels left.
You knew the following spells:

 Your Spells              Type           Power      Damage    Failure   Level
c - Mephitic Cloud        Conj/Alch/Air  22%        N/A       6%          3
d - Vampiric Draining     Necr           17%        2d7       10%         3
r - Frozen Ramparts       Ice            32%        1d5       11%         3
v - Mercury Vapours       Alch/Air       46%        N/A       2%          2
y - Sticky Flame          Fire/Alch      20%        2d6       22%         4

Your spell library contained the following spells:

 Spells                   Type           Power      Damage    Failure   Level
 Freeze                   Ice            64%        1d7       3%          1
 Hailstorm                Conj/Ice       18%        3d7       9%          3
 Slow                     Hex            20%        N/A       12%         1
 Inner Flame              Hex/Fire       12%        N/A       17%         3
 Olgreb's Toxic Radiance  Alch           22%        N/A       21%         4
 Flame Wave               Conj/Fire      20%        2d7       24%         4
 Confusing Touch          Hex            5%         N/A       34%         3
 Sigil of Binding         Hex            5%         N/A       34%         3
 Summon Blazeheart Golem  Fire/Summ      12%        N/A       50%         4
 Freezing Cloud           Conj/Ice/Air   10%        6-21      54%         5
 Orb of Destruction       Conj           10%        9d6       100%        7
 Ozocubu's Refrigeration  Ice            8%         4d9       100%        7
 Spellforged Servitor     Conj/Summ      6%         N/A       100%        7
 Discord                  Hex            2%         N/A       100%        8


Dungeon Overview and Level Annotations

Branches:
Dungeon (11/15)            Temple (1/1) D:6            Lair (0/5) D:10
    Orc: D:9-12

Altars:
Ashenzari
Cheibriados
Dithmenos
Elyvilon
Fedhas
Gozag
Hepliaklqana
Kikubaaqudgha
Makhleb
Nemelex Xobeh
Okawaru
Qazlal
Ru
Sif Muna
Trog
Uskayaw
Vehumet
Xom
Yredelemnul
Zin
The Shining One
Lugonu

Shops:
D:7 ?   D:9 =*(?

Portals:
Abyss: D:7
Trove: D:10 (give +7 demon blade)


Innate Abilities, Weirdness & Mutations

You cannot wear most types of armour.
You are amphibious.
You can wear up to eight rings at the same time.
Your skin changes colour to match your surroundings (Stealth+).
Your rubbery body absorbs attacks. (AC +1, EV +1)
((You are camouflaged when in or above water. (Stealth+)))
You have tentacles for arms and can constrict up to eight enemies at once.


Message History

The electric eel appears confused.
The polar bear is engulfed in noxious fumes.
The polar bear appears confused.
The polar bear is engulfed in noxious fumes.
The polar bear appears confused.
Casting: Mephitic Cloud (dangerous; 6% risk of failure)
Confirm with . or Enter, or press ? or * to list all spells.
Aiming: Sticky Flame (dangerous; 22% risk of failure)
Press: ? - help, Shift-Dir - straight line, f - centaur warrior simulacrum, p - polar bear
Aim: a centaur warrior simulacrum The sticky flame hits the centaur warrior simulacrum!
The centaur warrior simulacrum melts!
The centaur warrior simulacrum is moderately damaged.
The centaur warrior simulacrum burns!
The centaur warrior simulacrum barely misses you.
The centaur warrior simulacrum misses you.
The centaur warrior simulacrum burns!
The centaur warrior simulacrum shakes off the sticky flame as it moves.
The electric eel is engulfed in noxious fumes.
The electric eel appears confused.
The centaur warrior simulacrum attacks as it pursues you!
The centaur warrior simulacrum hits you!
The centaur warrior simulacrum freezes you!!
The centaur warrior simulacrum completely misses you.
The centaur warrior simulacrum closely misses you.
The centaur warrior simulacrum misses you.
Casting: Sticky Flame (dangerous; 22% risk of failure)
Confirm with . or Enter, or press ? or * to list all spells.
Aiming: Sticky Flame (dangerous; 22% risk of failure)
Press: ? - help, Shift-Dir - straight line, f/p - centaur warrior simulacrum
Aim: a centaur warrior simulacrum (severely damaged)
You miscast Sticky Flame.
You are very lightly contaminated with residual magic.
Nothing appears to happen.
The centaur warrior simulacrum completely misses you.
The centaur warrior simulacrum kicks you.
* * * LOW HITPOINT WARNING * * *
The centaur warrior simulacrum freezes you!!
You die...
Your body crumbles into a pile of gold.

#.#
################.#
.................#
.................#
.......<.........#
################.#
#.# #.# #@# #Z#
##########.#
#..........#
#..........#
#..~...~...#
....~~~~...#
#.~≈~~~~...#
#.~~~~~~...#


You could see a centaur warrior simulacrum.

Vanquished Creatures
  Erolcha (D:11)
  A vault guard (D:10)
  A death yak (D:10)
  An ugly thing (D:10)
  An elephant (D:10)
  A troll (D:8)
  2 hornets
  A hellwing (D:9)
  Grinder (D:5)
  Sigmund (D:3)
  2 wraiths
  8 yaks (D:10)
  2 steam dragons
  Menkaure (D:7)
  An acid dragon (D:8)
  3 water moccasins
  An ice beast (D:5)
  3 sky beasts
  An orc warrior (D:6)
  4 black bears
  2 ogres
  2 centaurs
  3 kobold brigands
  4 bullfrogs
  3 scorpions (D:5)
  2 gnoll sergeants
  6 wights
  13 killer bees
  A howler monkey (D:8)
  A quasit (D:9)
  2 bombardier beetles
  4 hounds
  8 jellies
  An iron imp (D:9)
  2 orc priests
  4 sleepcaps
  2 iguanas (D:5)
  6 orc wizards
  14 gnolls
  5 adders
  A shadow imp (D:5)
  4 white imps
  An ufetubus (D:9)
  4 dart slugs
  35 orcs
  6 ball pythons
  2 bats
  5 endoplasms
  4 giant cockroaches
  13 hobgoblins
  3 jackals (D:3)
  19 kobolds
  3 quokkas
  9 frilled lizards
  6 goblins
  4 rats
  A lurking horror (D:7)
242 creatures vanquished.

Notes
Turn   | Place    | Note
-------+----------+-------------------------------------------
     0 | D:1      | Esekla the Octopode Wanderer began the quest for the Orb.
     0 | D:1      | Esekla set off with the following items: a +3 falchion, 2
                  | scrolls of teleportation.
     0 | D:1      | Reached XP level 1. HP: 16/16 MP: 1/1
    84 | D:1      | Reached XP level 2. HP: 21/21 MP: 2/2
   370 | D:1      | Reached XP level 3. HP: 25/26 MP: 3/3
   946 | D:2      | Reached XP level 4. HP: 33/33 MP: 4/4
  1191 | D:3      | Noticed Sigmund
  1213 | D:3      | Killed Sigmund
  1214 | D:3      | Reached skill level 3 in Stealth
  1214 | D:3      | Reached skill level 1 in Spellcasting
  1214 | D:3      | Reached XP level 5. HP: 23/37 MP: 4/7
  1214 | D:3      | Reached XP level 6. HP: 26/43 MP: 4/8
  1219 | D:3      | Found a bloodstained altar of Trog.
  1463 | D:3      | Learned a level 4 spell: Sticky Flame
  1599 | D:4      | Reached skill level 4 in Stealth
  1630 | D:4      | Learned a level 2 spell: Mercury Vapours
  1775 | D:4      | Reached skill level 1 in Short Blades
  1848 | D:4      | Identified the +1 hand axe of Circularity {heavy, rF++}
  1976 | D:4      | Reached XP level 7. HP: 40/48 MP: 9/9
  2155 | D:5      | Entered Level 5 of the Dungeon
  2203 | D:5      | Found a broken altar of Ashenzari.
  2223 | D:5      | Reached skill level 5 in Stealth
  2223 | D:5      | Reached skill level 1 in Air Magic
  2223 | D:5      | Reached skill level 1 in Alchemy
  2350 | D:5      | Reached skill level 5 in Long Blades
  2350 | D:5      | Reached skill level 1 in Conjurations
  2471 | D:5      | Reached XP level 8. HP: 54/54 MP: 11/11
  2488 | D:5      | Found a shimmering blue altar of Sif Muna.
  2522 | D:5      | Reached skill level 6 in Stealth
  2556 | D:5      | HP: 2/54 [ogre/+0 giant club (30)]
  2727 | D:5      | Reached skill level 1 in Throwing
  3072 | D:5      | Noticed Grinder
  3083 | D:5      | Killed Grinder
  3084 | D:5      | Reached skill level 7 in Stealth
  3147 | D:5      | Learned a level 3 spell: Mephitic Cloud
  3296 | D:5      | Reached XP level 9. HP: 31/60 MP: 13/13
  3839 | D:6      | Found a staircase to the Ecumenical Temple.
  3860 | Temple   | Entered the Ecumenical Temple
  3887 | Temple   | Became a worshipper of Gozag Ym Sagoz the Greedy
  4015 | D:7      | Found a corrupted altar of Lugonu.
  4017 | D:7      | Found a one-way gate to the infinite horrors of the Abyss.
  4053 | D:6      | Reached skill level 5 in Fighting
  5050 | D:7      | Noticed Menkaure
  5266 | D:7      | Identified the +3 dagger of the Sheltering Gods {spect,
                  | Dex+4}
  5576 | D:7      | Reached skill level 8 in Stealth
  5638 | D:7      | Found Watsiolues's Magic Scroll Boutique.
  5799 | D:7      | Killed Menkaure
  5846 | D:8      | Reached skill level 1 in Fire Magic
  5846 | D:8      | Reached XP level 10. HP: 29/66 MP: 16/16
  6212 | D:7      | You are sucked into a shaft and drop 3 floors!
  6212 | D:10     | Entered Level 10 of the Dungeon
  6410 | D:9      | Found Ceublaox's Jewellery Shoppe.
  6433 | D:9      | Bought the ring of Datoonk {Int+3 SInv Stlth+} for 404 gold
                  | pieces
  7076 | D:8      | Learned a level 3 spell: Frozen Ramparts
  7096 | D:8      | Found the +4 robe of Augmentation {Str+4 Int+4 Dex+4}
  7151 | D:9      | Found Vouwuhec's Assorted Antiques.
  7157 | D:9      | Bought a scroll labelled PENGIMI CAEFO for 24 gold pieces
  7465 | D:9      | Noticed a smoke demon
  7692 | D:8      | Learned a level 3 spell: Vampiric Draining
  7823 | D:9      | Found a glowing silver altar of Zin.
  7823 | D:9      | Found a glowing golden altar of the Shining One.
  7823 | D:9      | Found a white marble altar of Elyvilon.
  7849 | D:9      | Found Axzunul's Weapon Shop.
  7911 | D:8      | Reached skill level 1 in Staves
  8136 | D:9      | Bought a +2 vampiric scimitar for 336 gold pieces
  8160 | D:9      | Found Fibbamm's Magic Scroll Emporium.
  8305 | D:9      | Reached skill level 5 in Dodging
  8657 | D:10     | Reached skill level 1 in Necromancy
  8657 | D:10     | Reached skill level 1 in Ice Magic
  8880 | D:10     | Found a staircase to the Lair.
  8880 | D:10     | Noticed a death yak
  8881 | D:10     | Noticed an elephant
  8937 | D:10     | Noticed a green ugly thing
  8946 | D:10     | Killed a green ugly thing
  8947 | D:10     | Reached skill level 9 in Stealth
  9028 | D:10     | Noticed a vault guard
  9034 | D:10     | Killed a vault guard
  9035 | D:10     | Reached XP level 11. HP: 57/72 MP: 16/18
  9080 | D:10     | Found a portal to a secret trove of treasure.
  9609 | D:10     | Killed a death yak
  9610 | D:10     | Reached skill level 10 in Stealth
  9817 | D:11     | Noticed Erolcha
  9825 | D:11     | Killed Erolcha
  9826 | D:11     | Reached skill level 5 in Spellcasting
 10131 | D:11     | Slain by a centaur warrior simulacrum

Illustrated notes

Levels and vault maps discovered:
D:1:      lightli_arrival_statuegarden, layout_basic
D:2:      layout_basic, minmay_lizard_pond
D:3:      layout_rooms, bloody_trog, kennysheep_crisscross, uniq_sigmund
D:4:      corexii_shack_village, layout_cave_pools
D:5:      layout_rooms, cheibrodos_ashenzari_chains,
          hellmonk_sif_muna_bookshelves, hellmonk_no_cap, uniq_grinder
D:6:      layout_rooms, minmay_temple_entry_grid
D:7:      layout_basic, nzn_wu_jian_council_hall, nicolae_take_the_stairs,
          amcnicky_altar_lugonu_corruption, uniq_menkaure
D:8:      layout_basic
D:9:      layout_rooms, dreamdust_divine_triumvirate, serial_shops, shop,
          nicolae_lakefront_shop, shop, shop, nicolae_demonic_statue_gallery
D:10:     hellmonk_destroyed_diamonds, layout_irregular_city,
          david_lair_generic, enter_trove_5
D:11:     layout_long_grid, serial_ice, serial_ice_g, serial_ice_b,
          serial_ice_f, serial_ice_j, portal_ice_cave_entry_animals_and_master,
          uniq_erolcha, uniq_lodul
Temple:   regret_index_temple_generic_petals

Skill      XL: |  1  2  3  4  5  6  7  8  9 10 11 |
---------------+----------------------------------+-----
Long Blades    | 4 5 6 7 |  7.4
Dodging        | 2 3 4 5 6 |  6.0
Stealth        | 3 4 5 7 8 9 10 | 10.1
Spellcasting   | 1 2 3 4 5 |  5.0
Fighting       | 4 5 6 |  6.5
Short Blades   | 1 3 |  3.7
Air Magic      | 1 2 4 |  4.8
Alchemy        | 1 2 3 4 |  4.3
Conjurations   | 1 2 3 |  3.9
Throwing       | 1 |  1.8
Fire Magic     | 1 3 |  3.6
Staves         | 1 |  1.9
Necromancy     | 1 3 |  3.2
Ice Magic      | 1 2 |  2.8
Evocations     | |  1.7

Action                     |  1- 3 |  4- 6 |  7- 9 | 10-12 || total
---------------------------+-------+-------+-------+-------++-------
  Melee: Falchion          |    51 |    19 |    94 |    31 ||   195
         Tentacles         |     7 |    11 |    73 |    67 ||   158
         Constrict         |    10 |    14 |    54 |    38 ||   116
         Dagger            |     4 |    41 |   131 |   122 ||   298
         Punch             |       |     1 |     8 |     7 ||    16
         Quarterstaff      |       |       |       |    43 ||    43
         Scimitar          |       |       |       |    13 ||    13
  Throw: Dart              |       |       |     4 |    15 ||    19
         Boomerang         |       |       |     5 |     5 ||    10
   Cast: Mephitic Cloud    |       |       |     3 |     6 ||     9
         Sticky Flame      |       |       |       |     9 ||     9
         Vampiric Draining |       |       |       |     1 ||     1
  Evoke: Wand              |       |       |     8 |     1 ||     9
    Use: Potion            |       |       |     5 |     3 ||     8
         Scroll            |       |       |       |    11 ||    11
   Stab: Sleeping          |     7 |    22 |    12 |    17 ||    58
         Distracted        |     1 |       |     2 |     1 ||     4
         Confused          |       |       |     1 |     4 ||     5
         Invisible         |       |       |     1 |       ||     1
 Armour: Skin              |    11 |    10 |    73 |    76 ||   170
  Dodge: Dodged            |    42 |    30 |   205 |   197 ||   474
